AoeStats
← Grogu

Golden Pit

507587769Analyzed
1v1 RM · 12d ago on Sep 18, 2026· 43m 30s· 2 players
Game mode
Random Map
Map size
Tiny (2 player)
Population
200
Speed
Normal
Resources
Standard
Victory
Conquest
Starting age
Dark Age
Ending age
Imperial Age
RankedLock teamsTeams togetherTeam positionsShared explorationLock speedFull tech treeHidden civsTurbo modeCheats
Victory
Defeat
🇲🇽 Vietnamese · Mexico
1199
+19
🇧🇷 Mongols · Brazil
1273
-19
Elmagnifico
5:42 Loom
9:55 Feudal Age
10:51 Double-Bit Axe
12:34 Town Watch
13:39 Fletching
24:42 Castle Age
24:30 Gold Mining
24:27 Horse Collar
25:19 Bodkin Arrow
24:45 Crossbowman
26:00 Bow Saw
26:07 Padded Archer Armor
28:04 Ballistics
34:30 Wheelbarrow
36:17 Hand Cart
38:02 Leather Archer Armor
38:58 Heavy Plow
43:18 Imperial Age
42:30 Scale Mail Armor
41:54 Pikeman
42:35 Squires
45:05 Chemistry
44:07 Bracer
Grogu
6:19 Loom
8:59 Feudal Age
10:49 Horse Collar
13:05 Town Watch
15:47 Scale Barding Armor
22:23 Castle Age
21:33 Bloodlines
23:53 Scale Mail Armor
30:01 Forging
40:02 Imperial Age
40:23 Cavalier
Connection lost

Rejoining the realm…

Still unreachable

The connection could not be restored.

Session expired

The server has moved on; the page needs a fresh start.